 Dungeon Crawl Stone Soup version 0.31-a0-810-ga77100ea1a (webtiles) character file.

Game seed: 7025814307006278696

7245 Bravepunisher the Nimble (level 10, -8/55 HPs)
             Began as a Spriggan Monk on Sept 21, 2023.
             Was an Elder of Makhleb.
             Killed from afar by an acid dragon (38 damage)
             ... with a splash of acid
             ... on level 12 of the Dungeon.
             The game lasted 00:29:24 (10252 turns).

Bravepunisher the Nimble (Spriggan Monk)           Turns: 10252, Time: 00:29:32

Health: -8/55      AC:  2    Str: 10    XL:     10   Next: 88%
Magic:  19/19      EV: 28    Int: 12    God:    Makhleb [****..]
Gold:   514        SH:  5    Dex: 22    Spells: 9/9 levels left

rFire   . . .        G - +3 long sword of Givost {heavy, Str+3}
rCold   + . .        (no shield)
rNeg    . . .        b - +0 robe
rPois   +            j - +0 hat
rElec   .            (no cloak)
rCorr   .            (gloves unavailable)
SInv    +            (boots unavailable)
Will    +....        y - amulet of reflection
Stlth   ++           t - ring of protection from cold
HPRegen 0.29/turn    h - ring of poison resistance
MPRegen 0.16/turn

%: reflection
@: very quick
A: very small, no large weapons, unfitting armour, see invisible, speed 3
a: Renounce Religion, Minor Destruction, Lesser Servant of Makhleb, Major
Destruction


You were on level 12 of the Dungeon.
You worshipped Makhleb.
Makhleb was greatly pleased with you.
You visited 2 branches of the dungeon, and saw 15 of its levels.

You collected 514 gold pieces.

Inventory:

Hand Weapons
 C - a +4 dagger
 G - the +3 long sword of Givost (weapon) {heavy, Str+3}
   (You found it on level 11 of the Dungeon)

   Str+3:     It affects your strength (+3).
Missiles
 o - a throwing net
Armour
 b - a +0 robe (worn)
 d - an orb of light
 j - a +0 hat (worn)
Jewellery
 h - a ring of poison resistance (right hand)
 t - a ring of protection from cold (left hand)
 y - an amulet of reflection (around neck)
 F - a ring of protection from fire
Wands
 D - a wand of digging (8)
 H - a wand of flame (7)
 I - a wand of polymorph (4)
Scrolls
 a - a scroll of revelation
 f - 3 scrolls of enchant armour {unknown}
 g - 8 scrolls of identify
 i - a scroll of enchant weapon {unknown}
 l - 2 scrolls of fog {unknown}
 n - 2 scrolls of fear {unknown}
 r - 3 scrolls of blinking
 s - a scroll of vulnerability
 z - 2 scrolls of poison {unknown}
 A - a scroll of silence {unknown}
 B - a scroll of amnesia
 E - a scroll of teleportation {unknown}
Potions
 c - a potion of enlightenment
 e - 8 potions of curing {unknown}
 k - 2 potions of ambrosia
 m - a potion of heal wounds
 p - 2 potions of berserk rage {unknown}
 q - a potion of might {unknown}
 u - 2 potions of lignification
 v - a potion of degeneration {unknown}
 w - 3 potions of attraction {unknown}
 x - a potion of magic {unknown}


   Skills:
 + Level 7.6 Fighting
 - Level 3.2(3.8) Short Blades
 + Level 2.1(2.6) Long Blades
 + Level 11.5 Dodging
 * Level 11.5 Invocations


You had 9 spell levels left.
You didn't know any spells.
Your spell library contained the following spells:

 Spells                   Type           Power      Damage    Failure   Level
 Magic Dart               Conj           0%         1d3       32%         1
 Blink                    Tloc           0%         N/A       45%         2
 Call Imp                 Summ           0%         N/A       45%         2
 Lesser Beckoning         Tloc           0%         N/A       45%         2
 Gell's Gravitas          Tloc           0%         N/A       69%         3
 Mephitic Cloud           Conj/Pois/Air  0%         N/A       69%         3
 Teleport Other           Tloc           0%         N/A       69%         3
 Manifold Assault         Tloc           0%         N/A       97%         4


Dungeon Overview and Level Annotations

Branches:
Dungeon (14/15)            Temple (1/1) D:6
   Lair: D:8-11         Orc: D:9-12      Vaults: D:13-14

Altars:
Ashenzari
Cheibriados
Dithmenos
Elyvilon
Fedhas
Gozag
Hepliaklqana
Kikubaaqudgha
Makhleb
Nemelex Xobeh
Okawaru
Ru
Sif Muna
Trog
Uskayaw
Vehumet
Wu Jian
Xom
Yredelemnul
Zin
The Shining One

Shops:
D:4 *

Portals:
Abyss: D:6

Annotations:
D:5 1 runed translucent door, Bravepunisher's ghost, weakling SpMo
D:6 2 transporters, ranchalot's ghost, novice OpSh
D:9 1 exclusion, Harold


Innate Abilities, Weirdness & Mutations

You are very small and have problems with some larger weapons.
You are too small for most types of armour.
You have supernaturally acute eyesight. (SInv)
You cover ground extremely quickly. (Speed+++)


Message History

You slash the two-headed ogre!
You kill the two-headed ogre!
Makhleb accepts your kill.
You feel better.
Your Long Blades skill increases to level 2!
You open the gate.
A killer bee and 3 meliai come into view.
A meliai is wielding a +0 hand axe of flaming.
Found four items.
You open the gate. 2 killer bees come into view.
The killer bee buzzes angrily.
The meliai buzzes angrily.
The killer bee buzzes angrily.
You hear a bellow!
The meliai misses you. The meliai completely misses you. x3
A killer bee comes into view.
Found 7 stones and a book of Flames.
Found 6 stones.
The killer bee attacks as it pursues you!
The killer bee completely misses you. x2
The meliai calls down the wrath of its god upon you.
Something smites you!
The killer bee buzzes angrily.
The meliai mumbles some strange prayers to its god against you.
Something smites you! The killer bee stings you.
The killer bee attacks as it pursues you!
The killer bee closely misses you.
The killer bee attacks as it pursues you!
The killer bee misses you.
Found 3 stones.
The killer bee attacks as it pursues you!
The killer bee misses you.
An acid dragon comes into view.
The acid dragon roars!
You hear a bellow!
The killer bee attacks as it pursues you!
The killer bee misses you. The acid dragon spits acid at you.
The splash of acid hits you!!!
Ouch! That really hurt!
You die...

#..##.###yy.'..#
#.....y..y#.'#(#
##.##.###...':(#
#.##.# ###.####
###.##y# #.#
######..y...#
###
........#.#.#
###(y..#.#
#@####.#
.............#
#.....#.###..#
#.....#.# ..#
..... ..# ..
..... #.. ....
#.# ..D. ...


You could see an acid dragon (catching breath) and 3 killer bees.

Vanquished Creatures
  A centaur warrior (D:14)
  2 two-headed ogres
  An unseen horror (D:10)
  A komodo dragon (D:11)
  A hornet (D:7)
  Grinder (D:3)
  A wraith (D:10)
  3 wyverns
  10 yaks
  A steam dragon (D:8)
  2 vampire mosquitoes (D:11)
  2 orc warriors
  An ice beast (D:8)
  An ogre (D:5)
  5 centaurs
  3 kobold brigands
  5 scorpions
  A howler monkey (D:10)
  2 jellies
  5 orc priests
  A hound (D:6)
  6 iguanas
  A sleepcap (D:5)
  5 orc wizards
  4 gnolls (D:5)
  13 adders
  A white imp (D:5)
  An ufetubus (D:5)
  A worm (D:3)
  20 orcs
  8 ball pythons
  8 endoplasms
  2 giant cockroaches (D:8)
  7 goblins
  3 hobgoblins
  4 jackals (D:3)
  25 kobolds
  7 quokkas
  5 bats
  2 frilled lizards (D:1)
  10 rats
183 creatures vanquished.

Vanquished Creatures (collateral kills)
  A water moccasin (D:5)
1 creature vanquished.

Grand Total: 184 creatures vanquished

Notes
Turn   | Place    | Note
-------+----------+-------------------------------------------
     0 | D:1      | Bravepunisher the Spriggan Monk began the quest for the
                  | Orb.
     0 | D:1      | Reached XP level 1. HP: 11/11 MP: 2/2
    79 | D:3      | Noticed Grinder
   192 | D:2      | Reached XP level 2. HP: 13/16 MP: 3/3
   303 | D:4      | Found a shadowy altar of Dithmenos.
   419 | D:4      | Reached XP level 3. HP: 15/20 MP: 4/4
   449 | D:4      | Noticed a scorpion
   509 | D:5      | Entered Level 5 of the Dungeon
   572 | D:4      | You fall into a shaft and drop 2 floors!
   572 | D:6      | Found a staircase to the Ecumenical Temple.
   574 | D:6      | Noticed a scorpion
   610 | Temple   | Entered the Ecumenical Temple
   680 | Temple   | Became a worshipper of Makhleb the Destroyer
   680 | Temple   | Reached * piety under Makhleb
   680 | Temple   | Reached ** piety under Makhleb
   792 | D:6      | Reached skill level 1 in Invocations
   798 | D:6      | Reached skill level 5 in Dodging
   798 | D:6      | Reached XP level 4. HP: 13/24 MP: 4/6
   815 | D:6      | Killed a scorpion
   816 | D:6      | Reached XP level 5. HP: 24/28 MP: 7/7
  1070 | D:4      | Noticed a centaur
  1087 | D:4      | Killed a centaur
  1088 | D:4      | Reached XP level 6. HP: 18/33 MP: 9/9
  1310 | D:3      | HP: 1/33 [orc priest/divine providence (9)]
  1962 | D:3      | Paralysed by Grinder for 5 turns
  2036 | D:2      | Reached *** piety under Makhleb
  2255 | D:2      | Identified the +0 pair of gloves "Doschuna" {Int+3 Dex+2}
  2627 | D:1      | Found a faded altar of an unknown god.
  3132 | D:2      | Reached XP level 7. HP: 37/37 MP: 11/11
  3484 | D:3      | Paralysed by Grinder for 3 turns
  3489 | D:3      | Killed Grinder
  3490 | D:3      | Reached skill level 5 in Invocations
  3728 | D:4      | Found Esariw's Gadget Gallery.
  4696 | D:5      | Found a runed translucent door.
  4696 | D:5      | Noticed Bravepunisher's ghost (weakling SpMo)
  4697 | D:5      | Noticed a yak
  4985 | D:5      | Reached XP level 8. HP: 36/42 MP: 13/13
  5082 | D:5      | Reached skill level 5 in Fighting
  5189 | D:5      | Reached **** piety under Makhleb
  5195 | D:5      | Found a sparkling altar of Nemelex Xobeh.
  5414 | D:6      | Found a transporter.
  5418 | D:6      | Found a transporter.
  5578 | D:6      | Noticed a toenail golem
  5604 | D:6      | Noticed ranchalot's ghost (novice OpSh)
  5653 | D:6      | Found a one-way gate to the infinite horrors of the Abyss.
  6236 | D:7      | Noticed a hornet
  6247 | D:7      | Killed a hornet
  6654 | D:7      | Reached XP level 9. HP: 24/48 MP: 14/16
  7081 | D:8      | Noticed a two-headed ogre
  7473 | D:8      | Killed a two-headed ogre
  7474 | D:8      | Reached skill level 10 in Dodging
  7823 | D:8      | Found a sacrificial altar of Ru.
  8173 | D:8      | Reached XP level 10. HP: 40/53 MP: 18/18
  8467 | D:9      | Reached skill level 10 in Invocations
  8575 | D:9      | Found a hazy altar of Hepliaklqana.
  8838 | D:9      | Noticed Harold
  8923 | D:10     | Entered Level 10 of the Dungeon
  9790 | D:10     | Noticed a gargoyle
  9927 | D:11     | Identified the +3 long sword of Givost {heavy, Str+3}
 10089 | D:11     | You fall into a shaft and drop 3 floors!
 10091 | D:14     | Noticed a centaur warrior
 10104 | D:14     | Killed a centaur warrior
 10105 | D:14     | Reached skill level 1 in Long Blades
 10210 | D:12     | Noticed a two-headed ogre
 10226 | D:12     | Killed a two-headed ogre
 10252 | D:12     | Killed from afar by an acid dragon

Illustrated notes

Levels and vault maps discovered:
D:1:      minmay_arrival_semitransparent, layout_loops_ring,
          hellmonk_ecumenical_altar_heavens_door, nrook_mini_vaults
D:2:      layout_loops_ring, minmay_misc_feat_ornament
D:3:      layout_basic, minmay_fractal_squares_diagonal_5, uniq_grinder
D:4:      layout_basic, mainiacjoe_overflow_catwalk, nicolae_ossuary_entry_plus,
          nicolae_shop_gadgets
D:5:      layout_basic, nemelex_dance_club_becter, ebering_ghost_inner_flame
D:6:      layout_basic, minmay_temple_entry_glass,
          gammafunk_ghost_abyssal_escape, serial_curves, eino_curves_03,
          eino_curves_04
D:7:      layout_loops_corners
D:8:      layout_cave_pods, nicolae_ru_great_annihilating_truth
D:9:      layout_roguey, worldfamousw_hep_ancestral_shrine, david_orc_4,
          dk_rats_in_the_wall, uniq_harold
D:10:     layout_grid_maze, nicolae_qazlal_general_emergency
D:11:     layout_basic, minmay_lair_entry_grove
D:12:     layout_basic, eino_jars
D:13:     minmay_stepped, layout_long_grid
D:14:     cheibrodos_leafed_vault, layout_rooms, david_vaults_3,
          portal_ice_cave_entry_ice_statue_two, small_statue_intersection
Temple:   minmay_temple_bridge_d

Skill      XL: |  1  2  3  4  5  6  7  8  9 10 |
---------------+-------------------------------+-----
Fighting       | 3 4 5 6 7 |  7.6
Invocations    | 1 2 3 4 6 8 9 11 | 11.5
Dodging        | 5 6 7 8 10 11 | 11.5
Long Blades    | 2 |  2.1
Short Blades   | |  3.2

Action                     |  1- 3 |  4- 6 |  7- 9 | 10-12 || total
---------------------------+-------+-------+-------+-------++-------
  Melee: Short sword       |    84 |    36 |    14 |       ||   134
         Dagger            |       |       |    29 |    27 ||    56
         Long sword        |       |       |       |    20 ||    20
         Punch             |       |       |       |     1 ||     1
 Invoke: Minor Destruction |       |   139 |   233 |   104 ||   476
         Lesser Servant of |       |       |     2 |       ||     2
    Use: Potion            |     3 |     1 |     2 |     1 ||     7
         Scroll            |     2 |     3 |       |       ||     5
   Stab: Distracted        |       |       |       |     1 ||     1
 Armour: Robe              |    20 |    16 |    25 |    37 ||    98
         Skin              |    18 |    12 |       |       ||    30
  Dodge: Dodged            |    67 |    63 |   113 |   111 ||   354
  Block: Other             |       |       |    11 |    21 ||    32
         Reflection        |       |       |     1 |     4 ||     5

Table legend: (Time is in decaauts)
 A = Elapsed time spent in this place.
 B = Non-inter-level travel time spent in this place.
 C = Inter-level travel time spent in this place.
 D = Time resting spent in this place.
 E = Time spent auto-exploring this place.
 F = Levels seen in this place.
 G = Mean time per level.
                   A        B        C        D        E       F      G
               +--------+--------+--------+--------+--------+-----+--------+
         Total |   7311 |   6982 |    329 |    442 |   5057 |  15 |  487.4 |
       Dungeon |   7225 |   6977 |    248 |    442 |   5057 |  14 |  516.1 |
        Temple |     85 |      4 |     81 |      0 |      0 |   1 |   85.0 |
               +--------+--------+--------+--------+--------+-----+--------+

Top non-repeatable levels by time:
     D:4: 949 daAuts
     D:8: 942 daAuts
     D:5: 844 daAuts
     D:7: 806 daAuts
     D:3: 697 daAuts
    D:10: 670 daAuts
     D:2: 664 daAuts
     D:6: 541 daAuts
     D:1: 406 daAuts
     D:9: 383 daAuts
    D:11: 170 daAuts
    D:14: 111 daAuts
  Temple: 85 daAuts
    D:12: 32 daAuts
    D:13: 5 daAuts
